 Dungeon Crawl Stone Soup version 0.28.0-53-g5a82cb258f (webtiles) character file.

Game seed: 16698849185491462545

129 Peloso the Skirmisher (level 4, -8/41 HPs)
             Began as a Minotaur Fighter on July 28, 2022.
             Killed by nerve-wracking pain
             ... invoked by Grinder
              (9 damage)
             ... while paralysed by Grinder
             ... on level 3 of the Dungeon.
             The game lasted 00:03:10 (1993 turns).

Peloso the Skirmisher (Minotaur Fighter)            Turns: 1993, Time: 00:03:11

Health: -8/41      AC: 11    Str: 19 (21) XL:     4   Next: 88%
Magic:  3/3        EV:  2    Int:  2 (5)  God:
Gold:   155        SH:  0    Dex: 12 (13) Spells: 3/3 levels left

rFire   . . .      SeeInvis .   a - +0 long sword
rCold   . . .      Faith    .   c - +0 buckler
rNeg    . . .      Spirit   .   b - +0 scale mail
rPois   .          Reflect  .   (helmet restricted)
rElec   .          Harm     .   (no cloak)
rCorr   .          Rampage  .   (no gloves)
Will    .....                   (no boots)
Stlth   +.........              (no amulet)
HPRegen 0.13/turn               g - +4 ring of protection
MPRegen 0.08/turn               (no ring)

@: paralysed, unable to read
A: horns 2, retaliatory headbutt, thin skeletal structure 1, inability to read
while threatened
a: no special abilities


You were on level 3 of the Dungeon.
You visited 1 branch of the dungeon, and saw 3 of its levels.

You collected 155 gold pieces.

Inventory:

Hand Weapons
 a - a +0 long sword (weapon)
Missiles
 s - a throwing net (quivered)
Armour
 b - a +0 scale mail (worn)
 c - a +0 buckler (worn)
Jewellery
 g - a +4 ring of protection (left hand)
 n - a ring of willpower
 r - a ring of flight
Scrolls
 e - a scroll of fog {unknown}
 f - 2 scrolls of teleportation {unknown}
 h - 3 scrolls of identify {unknown}
 j - 2 scrolls of fear {unknown}
 p - a scroll of vulnerability {unknown}
 q - a scroll of enchant weapon {unknown}
 t - a scroll of amnesia {unknown}
 u - a scroll of blinking {unknown}
Potions
 d - a potion of might
 i - a potion of brilliance {unknown}
 l - a potion of mutation
 m - a potion of curing {unknown}
 o - a potion of cancellation {unknown}


   Skills:
 + Level 4.3 Fighting
 + Level 4.2 Long Blades
 + Level 4.3 Armour
 + Level 1.4 Dodging
 + Level 0.1 Stealth
 + Level 4.1 Shields


You had 3 spell levels left.
You didn't know any spells.
Your spell library was empty.

Dungeon Overview and Level Annotations

Branches:
Dungeon (3/15)

Altars:
Ashenzari
Fedhas
Nemelex Xobeh
Uskayaw
Xom
Zin

Shops:
D:3 (

Annotations:
D:3 Grinder


Innate Abilities, Weirdness & Mutations

You have a pair of horns on your head.
You reflexively headbutt those who attack you in melee.
You have a somewhat thin skeletal structure. (Dex +2, Stealth+)
You sometimes lose the ability to read scrolls when taking damage.


Message History

Unknown command.
Found 8 gold pieces.
Grinder blinks!
Grinder gestures at you. You resist with significant effort.
Grinder gestures at you.
You barely resist. Grinder hits you.
You writhe in agony.
You hit Grinder but do no damage. Grinder gestures at you.
Pain shoots through your body!
You hit Grinder but do no damage. Grinder barely misses you.
You slash Grinder! You headbutt Grinder, but do no damage.
Grinder is moderately wounded.
Grinder barely misses you.
You hit Grinder.
Grinder is moderately wounded.
Grinder blinks!
Grinder gestures at you. Pain shoots through your body!
Grinder gestures at you. Pain shoots through your body!
* * * LOW HITPOINT WARNING * * *
It was a potion of mutation.
You feel extremely strange.
You lose the ability to read scrolls when threatened.
Your bones become slightly less dense.
Grinder hits you.
* * * LOW HITPOINT WARNING * * *
You writhe in agony.
You feel threatened and lose the ability to read scrolls!
* * * LOW HITPOINT WARNING * * *
It was a potion of degeneration.
There was something very wrong with that liquid.
You feel weakened.
You feel dopey.
You feel clumsy.
You can read scrolls again.
Grinder gestures at you.
You suddenly lose the ability to move!
Grinder gestures at you. Pain shoots through your body!
You feel threatened and lose the ability to read scrolls!
You die...

########.# #....#####.
........# #...# #.
#.#..##.###...######.
##.#..................
+....._.......)#.###..
#..$.8.....#..#......
###.._.....#.######..
#........#.# ##.
#5@.##...#.### #.
........###...#...# #.
.######## #...###.##
#. #...##...####.
#.............
...###...##### .>.#
##.## #..# ##.## #..#
#...#


You could see Grinder.

Vanquished Creatures
  A scorpion (D:3)
  A dart slug (D:1)
  An orc (D:3)
  3 endoplasms
  A giant cockroach (D:1)
  8 goblins
  5 hobgoblins
  10 jackals (D:1)
  7 kobolds
  A quokka (D:2)
  8 ball pythons
  5 bats
  A frilled lizard (D:1)
  5 rats (D:2)
57 creatures vanquished.

Notes
Turn   | Place    | Note
-------+----------+-------------------------------------------
     0 | D:1      | Peloso the Minotaur Fighter began the quest for the Orb.
     0 | D:1      | Reached XP level 1. HP: 19/19 MP: 0/0
   126 | D:1      | Reached XP level 2. HP: 25/27 MP: 1/1
   521 | D:1      | Reached XP level 3. HP: 25/33 MP: 2/2
   616 | D:1      | Reached skill level 1 in Dodging
  1560 | D:3      | Found a shimmering altar of Xom.
  1563 | D:3      | Noticed an angel
  1566 | D:3      | Found a glowing silver altar of Zin.
  1625 | D:3      | Noticed a scorpion
  1633 | D:3      | Killed a scorpion
  1634 | D:3      | Reached XP level 4. HP: 26/41 MP: 3/3
  1774 | D:3      | Found a broken altar of Ashenzari.
  1788 | D:3      | Found a faded altar of an unknown god.
  1847 | D:3      | Found a hide-covered altar of Uskayaw.
  1862 | D:3      | Found Xoal's Weapon Emporium.
  1978 | D:3      | Found a sparkling altar of Nemelex Xobeh.
  1979 | D:3      | Found a blossoming altar of Fedhas.
  1979 | D:3      | Noticed Grinder
  1991 | D:3      | Gained mutation: You sometimes lose the ability to read
                  | scrolls when taking damage. [potion of mutation]
  1991 | D:3      | Gained mutation: You have a somewhat thin skeletal
                  | structure. (Dex +2, Stealth+) [potion of mutation]
  1991 | D:3      | HP: 1/41 [Grinder (3)]
  1992 | D:3      | Paralysed by Grinder for 6 turns
  1993 | D:3      | Killed from afar by Grinder

Illustrated notes

Levels and vault maps discovered:
D:1:      lemuel_arrival_room, layout_basic
D:2:      layout_loops_cross
D:3:      layout_loops_ring, grunt_temple_overflow_order_and_chaos_1,
          chequers_temple_overflow_statue_of_worship,
          nicolae_uskayaw_dance_hall, nicolae_ashenzari_skybound,
          hellmonk_ecumenical_altar_heavens_door, serial_shops, shop,
          grunt_decor_fettered, minmay_fountain_box, uniq_grinder

Skill      XL: |  1  2  3 |
---------------+----------+-----
Fighting       | 4 |  4.3
Armour         | 4 |  4.3
Dodging        | 1 |  1.4
Shields        | 4 |  4.1
Long Blades    | 4 |  4.2
Stealth        | |  0.1

Action                   |  1- 3 |  4- 6 || total
-------------------------+-------+-------++-------
Melee: Long sword        |   101 |    12 ||   113
       Headbutt          |    12 |     2 ||    14
  Use: Potion            |       |     2 ||     2
Armor: Scale mail        |    54 |     2 ||    56
Dodge: Dodged            |    52 |     3 ||    55
Block: Buckler           |    28 |     2 ||    30
